 Dungeon Crawl Stone Soup version 0.27.1-33-g824d729ab1 (webtiles) character file.

Game seed: 230587531257165485

15896 potato4science the Unseen (level 12, 0/77 HPs)
             Began as an Octopode Hedge Wizard on Dec 15, 2021.
             Was an Initiate of Gozag.
             Killed by divine providence
             ... invoked by a meliai
              (11 damage)
             ... on level 13 of the Dungeon on Dec 16, 2021.
             The game lasted 01:32:21 (17423 turns).

potato4science the Unseen (Octopode Hedge Wizard)  Turns: 17423, Time: 01:32:21

Health: 0/77       AC:  2    Str: 10    XL:     12   Next: 31%
Magic:  18/18      EV: 19    Int: 26    God:    Gozag
Gold:   1284       SH:  5    Dex: 12    Spells: 17/20 levels left

rFire    + . .     SeeInvis +   a - +6 dagger (protect)
rCold    . . .     Faith    .   f - +0 buckler
rNeg     . . .     Spirit   .   t - +1 hat
rPois    .         Reflect  .   b - amulet of regeneration
rElec    .         Harm     .   q - ring of protection from fire
rCorr    +         Rampage  .   u - +4 ring of evasion
Will     .....                  E - +6 ring of intelligence
Stlth    ++++++++..             A - ring of Guijihos {rCorr SInv}
HPRegen  1.22/turn              (no ring)
MPRegen  0.16/turn              (no ring)
                                (no ring)
                                (no ring)

@: gold aura
A: almost no armour, amphibious, 8 rings, camouflage 1, gelatinous body 1,
(nimble swimmer 1), tentacles
a: Renounce Religion, Potion Petition, Call Merchant, Bribe Branch


You were on level 13 of the Dungeon.
You worshipped Gozag.
Gozag was most pleased with you.
You visited 2 branches of the dungeon, and saw 14 of its levels.

You collected 1397 gold pieces.
You paid 113 gold pieces to Gozag.

Inventory:

Hand Weapons
 a - a +6 dagger of protection (weapon)
Missiles
 c - 2 boomerangs of dispersal
 x - 2 curare-tipped darts
Armour
 f - a +0 buckler (worn)
 t - a +1 hat (worn)
Jewellery
 b - an amulet of regeneration (around mantle)
 g - an amulet of magic regeneration
 q - a ring of protection from fire (left tentacle)
 u - a +4 ring of evasion (right tentacle)
 A - the ring of Guijihos (on tentacle) {rCorr SInv}
   (You found it on level 9 of the Dungeon)

   [ring of resist corrosion]

   SInv:      It lets you see invisible.
   rCorr:     It protects you from acid and corrosion.
 E - a +6 ring of intelligence (on tentacle)
Wands
 e - a wand of flame (124)
 i - a wand of paralysis (9)
 j - a wand of iceblast (9)
 D - a wand of acid (3)
Scrolls
 h - 2 scrolls of silence
 l - a scroll of teleportation
 p - a scroll of amnesia
 r - 4 scrolls of summoning
 s - a scroll of blinking
 w - 2 scrolls of enchant weapon
 y - 2 scrolls of identify
Potions
 d - a potion of might
 k - a potion of brilliance {unknown}
 m - a potion of berserk rage
 o - a potion of resistance
 v - 2 potions of invisibility {unknown}
 B - a potion of heal wounds
 C - a potion of haste


   Skills:
 - Level 5.0 Fighting
 - Level 10.0 Short Blades
 - Level 6.0 Dodging
 - Level 18.0 Stealth
 - Level 4.0 Shields
 + Level 4.6 Spellcasting
 - Level 1.0 Conjurations
 - Level 1.0 Summonings
 - Level 4.0 Translocations


You had 17 spell levels left.
You knew the following spells:

 Your Spells              Type           Power      Damage    Failure   Level
a - Magic Dart            Conj           44%        1d5       5%          1
b - Blink                 Tloc           N/A        N/A       2%          2

Your spell library contained the following spells:

 Spells                   Type           Power      Damage    Failure   Level
 Lesser Beckoning         Tloc           13%        N/A       4%          3
 Call Imp                 Summ           11%        N/A       8%          2
 Sandblast                Erth           12%        2d6       9%          1
 Passwall                 Tmut/Erth      5%         N/A       12%         2
 Slow                     Hex            6%         N/A       12%         2
 Conjure Flame            Conj/Fire      8%         6-21      21%         3
 Mephitic Cloud           Conj/Pois/Air  7%         N/A       22%         3
 Manifold Assault         Tloc           26%        N/A       41%         5
 Fireball                 Conj/Fire      4%         3d4       88%         5
 Lee's Rapid Deconstruct  Erth           3%         3d6*      92%         5
 Starburst                Conj/Fire      4%         6d3       100%        6
 Malign Gateway           Summ/Tloc      9%         N/A       100%        7
 Ignition                 Fire           3%         3d4       100%        8
 Summon Horrible Things   Summ           5%         N/A       100%        8


Dungeon Overview and Level Annotations

Branches:
Dungeon (13/15)            Temple (1/1) D:4            Lair (0/6) D:8
    Orc (0/2) D:10
 Vaults: D:13-14

Altars:
Ashenzari
Cheibriados
Dithmenos
Elyvilon
Fedhas
Gozag
Hepliaklqana
Kikubaaqudgha
Makhleb
Nemelex Xobeh
Okawaru
Qazlal
Ru
Sif Muna
Trog
Uskayaw
Vehumet
Wu Jian
Xom
Yredelemnul
Zin
The Shining One

Shops:
D:3 [   D:4 *

Annotations:
D:9 3 runed translucent doors, Fractals's ghost, novice HuFi; styxcanada's ghost, novice SpBr


Innate Abilities, Weirdness & Mutations

You cannot wear most types of armour.
You are amphibious.
You can wear up to eight rings at the same time.
Your skin changes colour to match your surroundings (Stealth+).
Your rubbery body absorbs attacks. (AC +1, EV +1)
((You are camouflaged near water. (Stealth+)))
You have tentacles for arms and can constrict up to eight enemies at once.


Message History

The meliai is no longer distracted by gold.
The meliai buzzes angrily. x2; You hear an angry buzzing noise.
The meliai is no longer distracted by gold.
The meliai barely misses you. You block the meliai's attack.
The meliai misses you. The meliai stings you.
You are poisoned.
The meliai poisons you!
The meliai invokes the aid of its god against you.
Something smites you!
You closely miss the meliai. Your grab misses the meliai.
You feel very sick. The meliai barely misses you.
The meliai completely misses you.
You closely miss the meliai. You grab the meliai.
You constrict the meliai, but do no damage.
You feel sick.
The meliai hits you with a +2 broad axe of flaming!
The meliai burns you. The meliai stings you!
You are more poisoned.
The meliai poisons you!
You feel better.
You constrict the meliai. You block the meliai's attack.
The meliai closely misses you.
The meliai calls upon its god to heal the meliai.
The meliai's wounds heal themselves!
You block the meliai's attack. The meliai stings you!
You release your grip on the meliai.
The meliai hits you with a +2 broad axe of flaming!
* * * LOW HITPOINT WARNING * * *
The meliai burns you.
* * * LOW HITPOINT WARNING * * *
The meliai misses you.
The meliai mumbles some strange prayers to its god against you.
Something smites you!
* * * LOW HITPOINT WARNING * * *
The meliai is distracted by your dazzling golden aura.
The meliai buzzes angrily.
The meliai is distracted by your dazzling golden aura.
The meliai mumbles some strange prayers to its god against you.
Something smites you!
You die...
Your body crumbles into a pile of gold.

## #.# #.# .# #.#
##.## .# #.# :..
(# #.# #y# .# #.#
#y# .# #.# #y#
####.# #.#
.....#### #.#
###.....# #@#
......#.########.#
###.#............#
#.###.##########
#.....# ##########
####### #......<.#
##### ##.######.#
#####...####...#
.#
......#........#
.#


You could see 3 meliai.

Vanquished Creatures
  4 two-headed ogres
  A deep elf pyromancer (D:12)
  A manticore (D:13)
  4 ugly things
  A cyclops (D:11)
  5 centaur zombies
  Maggie (D:6)
  6 kobold demonologists
  A komodo dragon (D:11)
  Psyche (D:9)
  A troll (D:12)
  2 hornets
  3 slime creatures
  Prince Ribbit (D:6)
  2 wyverns
  5 yaks
  A shadow (D:11)
  A vampire (D:9)
  2 wraiths
  4 vampire mosquitoes (D:12)
  Menkaure (D:7)
  Edmund (D:6)
  3 sky beasts
  2 ice beasts (D:7)
  A necrophage (D:8)
  3 black bears
  2 centaurs
  6 kobold brigands
  6 bullfrogs
  A gnoll sergeant (D:11)
  A water moccasin skeleton (D:6)
  5 wights (D:6)
  10 howler monkeys
  4 crimson imps (D:9)
  4 hounds
  A jelly (D:8)
  2 bullfrog skeletons
  An orc priest (D:4)
  2 gnoll shamans
  2 centaur skeletons (D:7)
  An iguana (D:4)
  Terence (D:2)
  3 orc wizards
  A scorpion zombie (D:5)
  A killer bee zombie (D:8)
  A howler monkey zombie (D:6)
  13 gnolls
  9 adders
  A shadow imp (D:9)
  7 white imps
  An ufetubus (D:4)
  2 adder skeletons
  4 worms
  5 dart slugs
  18 orcs
  4 ball pythons
  5 bats
  8 endoplasms
  5 giant cockroaches
  7 goblins
  6 hobgoblins
  8 jackals
  5 quokkas
  4 frilled lizards
  21 kobolds
  A quokka skeleton (D:4)
  6 rats
253 creatures vanquished.

Vanquished Creatures (others)
  7 plants (D:5)
7 creatures vanquished.

Grand Total: 260 creatures vanquished

Notes
Turn   | Place    | Note
-------+----------+-------------------------------------------
     0 | D:1      | potato4science the Octopode Hedge Wizard began the quest
                  | for the Orb.
     0 | D:1      | Reached XP level 1. HP: 11/11 MP: 4/4
   188 | D:1      | Reached skill level 3 in Stealth
   225 | D:1      | Found a faded altar of an unknown god.
   377 | D:1      | Reached XP level 2. HP: 18/18 MP: 6/6
   417 | D:1      | Reached skill level 1 in Fighting
   417 | D:1      | Reached skill level 1 in Short Blades
   775 | D:1      | Reached skill level 4 in Stealth
   960 | D:1      | Reached XP level 3. HP: 23/23 MP: 7/7
  1285 | D:1      | Reached skill level 1 in Shields
  1934 | D:2      | Reached XP level 4. HP: 28/28 MP: 8/8
  2033 | D:2      | Noticed Terence
  2045 | D:2      | Killed Terence
  2628 | D:3      | Reached XP level 5. HP: 33/33 MP: 9/9
  2921 | D:3      | Found a basalt altar of Yredelemnul.
  3090 | D:3      | Found Palugiurgh's Armour Emporium.
  3698 | D:3      | Found a basalt altar of Yredelemnul.
  3816 | D:3      | Found Palugiurgh's Armour Emporium.
  4284 | D:4      | Found a shimmering altar of Xom.
  4323 | D:4      | Found Zin's Purification Station.
  4323 | D:4      | Found a glowing silver altar of Zin.
  4587 | D:4      | Reached XP level 6. HP: 38/38 MP: 10/10
  4604 | D:4      | Reached skill level 5 in Stealth
  4842 | D:4      | Found a staircase to the Ecumenical Temple.
  4892 | D:4      | Reached skill level 6 in Stealth
  4892 | D:4      | Reached XP level 7. HP: 43/43 MP: 11/11
  5702 | D:5      | Entered Level 5 of the Dungeon
  5895 | D:5      | Reached skill level 7 in Stealth
  6324 | D:5      | Found a white marble altar of Elyvilon.
  6993 | D:5      | Reached skill level 8 in Stealth
  7033 | D:5      | Found a radiant altar of Vehumet.
  7481 | D:5      | Reached XP level 8. HP: 48/48 MP: 12/12
  7487 | D:5      | Reached skill level 9 in Stealth
  7581 | D:5      | Found a white marble altar of Elyvilon.
  8087 | D:5      | Found a radiant altar of Vehumet.
  8238 | D:6      | Identified the +9 great sword "Moru" {elec, Int+4}
  8327 | D:6      | Noticed Edmund
  8332 | D:6      | Noticed Maggie
  8334 | D:6      | Killed Edmund
  8356 | D:6      | Killed Maggie
  8357 | D:6      | Reached skill level 10 in Stealth
  8440 | D:6      | Noticed Prince Ribbit
  8449 | D:6      | Killed Prince Ribbit
  8504 | D:6      | Reached XP level 9. HP: 48/55 MP: 13/13
  8768 | D:6      | Found a shimmering blue altar of Sif Muna.
  8892 | D:7      | Reached skill level 11 in Stealth
  8984 | D:7      | Found a hazy altar of Hepliaklqana.
  8984 | D:7      | Found a glowing golden altar of the Shining One.
  9108 | D:7      | Reached skill level 12 in Stealth
 10094 | D:7      | Noticed Menkaure
 10097 | D:7      | Killed Menkaure
 10385 | Temple   | Entered the Ecumenical Temple
 10922 | Temple   | Became a worshipper of Gozag Ym Sagoz the Greedy
 11125 | D:8      | Reached skill level 13 in Stealth
 11125 | D:8      | Reached XP level 10. HP: 63/63 MP: 14/14
 11279 | D:8      | Noticed a death yak
 11279 | D:8      | Noticed a death yak
 11410 | D:8      | Found a snail-covered altar of Cheibriados.
 11646 | D:8      | Found a staircase to the Lair.
 11646 | D:8      | Noticed a death yak
 11772 | D:9      | Noticed Fractals's ghost (novice HuFi)
 11772 | D:9      | Noticed styxcanada's ghost (novice SpBr)
 11772 | D:9      | Found a runed translucent gate.
 11772 | D:9      | Found a runed translucent gate.
 11772 | D:9      | Found a runed translucent gate.
 11819 | D:9      | Reached skill level 14 in Stealth
 11830 | D:9      | Noticed Psyche
 11834 | D:9      | Killed Psyche
 11850 | D:9      | Found a broken altar of Ashenzari.
 11904 | D:9      | Noticed a kobold demonologist
 12379 | D:9      | Noticed a sixfirhy
 12473 | D:9      | Killed a kobold demonologist
 12554 | D:9      | Identified the ring of Guijihos {rCorr SInv}
 12746 | D:9      | Found a runed translucent gate.
 12746 | D:9      | Found a runed translucent gate.
 12854 | D:9      | Found a broken altar of Ashenzari.
 13156 | D:10     | Entered Level 10 of the Dungeon
 13200 | D:10     | Noticed a two-headed ogre
 13210 | D:10     | Killed a two-headed ogre
 13211 | D:10     | Reached skill level 5 in Fighting
 13211 | D:10     | Reached skill level 5 in Dodging
 13211 | D:10     | Reached XP level 11. HP: 71/71 MP: 15/15
 13239 | D:10     | Reached skill level 10 in Short Blades
 13251 | D:10     | Learned a level 2 spell: Blink
 13333 | D:10     | Noticed a two-headed ogre
 13448 | D:10     | Found a staircase to the Orcish Mines.
 13811 | D:11     | Noticed a two-headed ogre
 13855 | D:11     | Noticed a two-headed ogre
 13855 | D:11     | Noticed a cyclops
 13856 | D:11     | Killed a two-headed ogre
 13894 | D:11     | Killed a cyclops
 13895 | D:11     | Reached skill level 15 in Stealth
 14106 | D:11     | Noticed a cyan ugly thing
 14141 | D:11     | Noticed a brown ugly thing
 14196 | D:10     | Killed a two-headed ogre
 14300 | D:11     | Noticed a soul eater
 14302 | D:11     | Noticed a sixfirhy
 14636 | D:11     | Reached skill level 16 in Stealth
 14750 | D:11     | Noticed a brown ugly thing
 15246 | D:11     | Killed a brown ugly thing
 15253 | D:11     | Killed a cyan ugly thing
 15726 | D:11     | Killed a two-headed ogre
 15727 | D:11     | Reached skill level 17 in Stealth
 15981 | D:11     | Killed a brown ugly thing
 16233 | D:12     | Noticed a deep elf pyromancer
 16250 | D:11     | Reached XP level 12. HP: 74/77 MP: 12/16
 17026 | D:12     | Reached skill level 18 in Stealth
 17239 | D:13     | Noticed a centaur warrior
 17423 | D:13     | Killed from afar by a meliai

Illustrated notes

Levels and vault maps discovered:
D:1:      dpeg_arrival_boxes_within_box, layout_loops_corners,
          basic_ecumenical_altar, patterned_corridor
D:2:      wander_river, layout_basic, uniq_terence
D:3:      layout_basic, lemuel_tele_altar, serial_shops, nicolae_shop_trees
D:4:      layout_gridville, xom_teletrap_fun, zin_purify,
          minmay_temple_entry_butterflies, portal_sewer_entry_e,
          minmay_misc_feat_chi
D:5:      layout_gridville, lemuel_coloured_pillars_altar,
          nicolae_elyvilon_temple_path, grunt_ministairs_14,
          minmay_misc_feat_five
D:6:      layout_basic, lemuel_blue_sif_altar, uniq_maggie, uniq_edmund,
          uniq_prince_ribbit1
D:7:      layout_basic, jmf_multi_god_temple, chequers_serial_rivers_room_b,
          uniq_menkaure
D:8:      layout_cave_pools, mainiacjoe_overflow_boulevard, dpeg_lair_monsters
D:9:      layout_cave_pools, nicolae_ashenzari_skybound,
          gammafunk_ghost_cemetery, minmay_nine_imps, uniq_psyche
D:10:     layout_cave_pools, orc_0_dummy
D:11:     layout_basic
D:12:     layout_rooms
D:13:     layout_loops_ring, hangedman_vaults_entry_quadrant_bands, uniq_sonja
Temple:   chequers_temple_sunken

Skill      XL: |  1  2  3  4  5  6  7  8  9 10 11 12 |
---------------+-------------------------------------+-----
Stealth        | 3 4 6 8 10 13 14 17 18 | 18.0
Fighting       | 1 2 3 5 |  5.0
Short Blades   | 1 2 3 4 6 8 9 10 | 10.0
Shields        | 1 2 4 |  4.0
Dodging        | 3 5 6 |  6.0
Translocations | 4 |  4.0
Spellcasting   | 4 |  4.6
Conjurations   | |  1.0
Summonings     | |  1.0

Action                   |  1- 3 |  4- 6 |  7- 9 | 10-12 || total
-------------------------+-------+-------+-------+-------++-------
Melee: Dagger            |    78 |    89 |   270 |   610 ||  1047
       Constrict         |    18 |    20 |    42 |    55 ||   135
       Tentacles         |    10 |    17 |    55 |   126 ||   208
 Cast: Magic Dart        |       |       |    12 |    11 ||    23
       Blink             |       |       |       |    13 ||    13
Evoke: Wand              |       |       |       |     4 ||     4
  Use: Scroll            |       |     7 |     6 |    10 ||    23
       Potion            |       |       |       |     3 ||     3
 Stab: Sleeping          |    12 |    11 |    18 |    17 ||    58
       Distracted        |       |     1 |       |     1 ||     2
Armor: Skin              |     2 |     6 |    43 |    71 ||   122
Dodge: Dodged            |    39 |    31 |   132 |   292 ||   494
Block: Buckler           |     3 |    14 |    43 |    66 ||   126
